AoeStats
← marius.zwei91

Golden Pit

508499851Analyzed
1v1 RM · 10d ago on Sep 22, 2026· 24m 12s· 2 players
Game mode
Random Map
Map size
Tiny (2 player)
Population
200
Speed
Normal
Resources
Standard
Victory
Conquest
Starting age
Dark Age
Ending age
Imperial Age
RankedLock teamsTeams togetherTeam positionsShared explorationLock speedFull tech treeHidden civsTurbo modeCheats
Victory
Defeat
🇩🇪 Ethiopians · Germany
769
+14
🇨🇭 Franks · Switzerland
720
-14
marius.zwei91
8:19 Loom
11:31 Feudal Age
15:20 Castle Age
15:09 Fletching
18:30 Crossbowman
19:58 Forging
23:38 Scale Mail Armor
Yuas
11:07 Feudal Age
18:56 Castle Age
17:27 Double-Bit Axe
19:06 Fletching
21:45 Wheelbarrow
Connection lost

Rejoining the realm…

Still unreachable

The connection could not be restored.

Session expired

The server has moved on; the page needs a fresh start.